 Dungeon Crawl Stone Soup version 0.30-a0-630-g881e3bac89 (console) character file.

Game seed: 17167839910048125721

147 Ignak the Trooper (level 5, -7/47 HPs)
             Began as an Ogre Warper on Jan 13, 2023.
             Killed from afar by a starcursed mass (9 damage)
             ... with an accursed screaming
             ... on level 2 of the Abyss.
             The game lasted 00:06:06 (2685 turns).

Ignak the Trooper (Ogre Warper)                     Turns: 2685, Time: 00:06:07

Health: -7/47      AC:  3    Str: 17      XL:     5   Next: 29%
Magic:  9/9        EV: 15    Int: 11 (14) God:
Gold:   134        SH:  0    Dex:  8      Spells: 1/10 levels left

rFire   . . .      SeeInvis .    a - +0 mace
rCold   . . .      Faith    .    (no shield)
rNeg    . . .      Spirit   .    b - +0 robe
rPois   .          Reflect  .    (helmet restricted)
rElec   .          Harm     .    (no cloak)
rCorr   .          Rampage  .    (gloves unavailable)
Will    .....                    (boots unavailable)
Stlth   +                        k - amulet of magic regeneration
HPRegen 0.27/turn                f - +5 ring of evasion
MPRegen 0.51/turn                (no ring)

@: no status effects
A: large, unfitting armour, tough skin 1, frail 1, no potion heal 1
a: no special abilities


You were on level 2 of the Abyss.
You visited 1 branch of the dungeon, and saw 3 of its levels.
You visited the Abyss 1 time.

You collected 134 gold pieces.

Inventory:

Hand Weapons
 a - a +0 mace (weapon)
Missiles
 d - 7 boomerangs of dispersal
 q - 2 javelins (quivered)
Armour
 b - a +0 robe (worn)
 p - a +0 kite shield
Jewellery
 e - a ring of fire
 f - a +5 ring of evasion (left hand)
 k - an amulet of magic regeneration (around neck)
Scrolls
 c - a scroll of blinking
 h - a scroll of enchant armour {unknown}
 i - a scroll of fear
 m - a scroll of noise {unknown}
 o - 2 scrolls of vulnerability {unknown}
Potions
 j - a potion of flight {unknown}
 l - a potion of heal wounds {unknown}
 n - a potion of haste {unknown}
 r - a potion of ambrosia {unknown}


   Skills:
 + Level 3.5 Fighting
 * Level 0.1(1.6) Axes
 - Level 2.4 Maces & Flails
 - Level 1.1 Throwing
 + Level 1.2 Armour
 + Level 2.6 Dodging
 * Level 0.2 Shields
 - Level 1.0 Unarmed Combat
 + Level 3.2 Spellcasting
 + Level 3.2 Translocations


You had one spell level left.
You knew the following spells:

 Your Spells              Type           Power      Damage    Failure   Level
a - Teleport Other        Tloc           8%         N/A       21%         3
b - Blink                 Tloc           16%        N/A       11%         2
z - Manifold Assault      Tloc           8%         N/A       56%         4

Your spell library contained the following spells:

 Spells                   Type           Power      Damage    Failure   Level
 Lesser Beckoning         Tloc           16%        N/A       21%         3
 Vhi's Electric Charge    Tloc/Air       10%        N/A       38%         3


Dungeon Overview and Level Annotations

Branches:
Dungeon (3/15)

Altars:
Dithmenos
Ru
Uskayaw


Innate Abilities, Weirdness & Mutations

You are too large for most types of armour.
You have tough skin. (AC +1)
You are frail. (-10% HP)
Potions are less effective at restoring your health.


Message History

The tentacle pulls you backwards! The starspawn tentacle grabs you.
The starspawn tentacle constricts you.
A wraith comes into view.
You escape the starspawn tentacle's grasp.
The neqoxec gestures at you.
Strange energies course through your body.
You feel frail. The neqoxec hits you! The neqoxec closely misses you.
A starcursed mass comes into view.
A starcursed mass splits.
A chorus of shrieks assaults your mind. The wight barely misses you.
A chorus of shrieks assaults your mind.
A wight comes into view. It is wielding a +9 war axe.
A starcursed mass splits.
A starcursed mass splits.
The neqoxec gestures at you.
Something tries to feed on your intellect!
The starcursed mass touches you. The neqoxec gestures at you.
You feel dopey. Something feeds on your intellect! The wraith hits you!
* * * LOW HITPOINT WARNING * * *
The starcursed mass touches you.
* * * LOW HITPOINT WARNING * * *
A starcursed mass splits.
Casting: Blink (safe; 11% risk of failure)
Confirm with . or Enter, or press ? or * to list all spells.
You blink.
A wight comes into view. It is wielding a +3 flail.
A starcursed mass splits. x2
A deafening chorus of shrieks assaults your mind!
* * * LOW HITPOINT WARNING * * *
The neqoxec gestures at you.
Strange energies course through your body.
Your system partially rejects the healing effects of potions.
You feel stable enough to blink again. A chorus of shrieks assaults your mind.
You die...

.####...#####.
..#......#...
...........
#........ #......
.# #..... ..
###...#### #.
...#....@.#.#..# .
. ................
. #.
...#.........#.#
#.. #...
##.........# #.#
##. # #.....#..#.#
#...
##...####X..#####
# .
...#.XX..#...z..#.
....
WX...X.X........
..
#...XX#.........#


You could see 2 starcursed masses and a wight.

Vanquished Creatures
  Natasha (thrice) (D:2)
  2 adders
  A worm (D:2)
  A dart slug (D:2)
  2 orcs (D:3)
  9 endoplasms
  2 giant cockroaches (D:1)
  4 goblins
  4 hobgoblins
  2 jackals (D:1)
  3 kobolds
  A quokka (D:3)
  3 ball pythons
  A bat (D:2)
  3 frilled lizards
  6 rats
47 creatures vanquished.

Vanquished Creatures (others)
  2 starspawn tentacles (Abyss:2)
2 creatures vanquished.

Grand Total: 49 creatures vanquished

Notes
Turn   | Place    | Note
-------+----------+-------------------------------------------
     0 | D:1      | Ignak the Ogre Warper began the quest for the Orb.
     0 | D:1      | Reached XP level 1. HP: 22/22 MP: 3/3
   180 | D:1      | Reached XP level 2. HP: 19/29 MP: 3/5
   385 | D:1      | Learned a level 2 spell: Blink
   657 | D:2      | Reached XP level 3. HP: 37/37 MP: 7/7
  1420 | D:2      | Noticed Natasha
  1427 | D:2      | Killed Natasha
  1428 | D:2      | Reached XP level 4. HP: 20/45 MP: 8/8
  1550 | D:2      | Noticed Natasha
  1564 | D:2      | Killed Natasha
  1565 | D:2      | Reached skill level 1 in Armour
  1565 | D:2      | Reached skill level 1 in Unarmed Combat
  1660 | D:2      | Found a hide-covered altar of Uskayaw.
  1662 | D:2      | Noticed Natasha
  1672 | D:2      | Killed Natasha
  1673 | D:2      | Reached XP level 5. HP: 32/53 MP: 9/9
  1833 | D:3      | Found a shadowy altar of Dithmenos.
  2111 | D:2      | Learned a level 3 spell: Teleport Other
  2116 | D:2      | Learned a level 4 spell: Manifold Assault
  2274 | D:3      | Found a sacrificial altar of Ru.
  2491 | Abyss:2  | Cast into level 2 of the Abyss (orc wizard)
  2522 | Abyss:2  | Noticed a raiju
  2522 | Abyss:2  | Noticed a raiju
  2536 | Abyss:2  | Noticed a large abomination
  2551 | Abyss:2  | Noticed a spatial vortex
  2552 | Abyss:2  | Noticed a spatial vortex
  2554 | Abyss:2  | Noticed a spatial vortex
  2554 | Abyss:2  | Noticed a spatial vortex
  2555 | Abyss:2  | Noticed a spatial vortex
  2565 | Abyss:2  | Noticed a spatial vortex
  2565 | Abyss:2  | Noticed a spatial vortex
  2569 | Abyss:2  | Found a corrupted altar of Lugonu.
  2662 | Abyss:2  | Noticed a neqoxec
  2667 | Abyss:2  | Noticed a tentacled starspawn
  2669 | Abyss:2  | Noticed a wraith
  2670 | Abyss:2  | Gained mutation: You are frail. (-10% HP) [a neqoxec]
  2673 | Abyss:2  | Noticed a starcursed mass
  2678 | Abyss:2  | HP: 1/47 [starcursed mass/accursed screaming (8)]
  2679 | Abyss:2  | Gained mutation: Potions are less effective at restoring
                  | your health. [a neqoxec]
  2685 | Abyss:2  | Killed from afar by a starcursed mass

Illustrated notes

Levels and vault maps discovered:
D:1:      sevenhm_arrival_forest_fort_large_2, layout_rooms, serial_glass,
          glass_columns_b, glass_columns_b
D:2:      layout_basic, basic_altar, uniq_natasha
D:3:      layout_basic, mainiacjoe_overflow_six_doors_small,
          nicolae_ru_sacrificial_ziggurat,
          wander_ebering_terrifying_dragon_lair, uniq_crazy_yiuf_cottage
Abyss:2:  base:
D:1

Skill      XL: |  1  2  3  4 |
---------------+-------------+-----
Maces & Flails | 2 |  2.4
Fighting       | 3 |  3.5
Translocations | 3 |  3.2
Armour         | 1 |  1.2
Unarmed Combat | 1 |  1.0
Spellcasting   | 3 |  3.2
Axes           | |  0.1
Throwing       | |  1.1
Dodging        | |  2.6
Shields        | |  0.2

Action                   |  1- 3 |  4- 6 || total
-------------------------+-------+-------++-------
Melee: Mace              |   124 |    65 ||   189
       Punch             |       |     1 ||     1
Throw: Javelin           |       |     3 ||     3
 Cast: Blink             |       |     3 ||     3
  Use: Scroll            |     2 |     1 ||     3
Armor: Robe              |    27 |    14 ||    41
Dodge: Dodged            |    88 |    57 ||   145

Table legend: (Time is in decaauts)
 A = Elapsed time spent in this place.
 B = Non-inter-level travel time spent in this place.
 C = Inter-level travel time spent in this place.
 D = Time resting spent in this place.
 E = Time spent auto-exploring this place.
 F = Levels seen in this place.
 G = Mean time per level.
                   A        B        C        D        E       F      G
               +--------+--------+--------+--------+--------+-----+--------+
         Total |   2763 |   2705 |     58 |    328 |   1489 |   4 |  690.8 |
       Dungeon |   2568 |   2510 |     58 |    236 |   1489 |   3 |  856.0 |
         Abyss |    194 |    194 |      0 |     92 |      0 |   1 |  194.0 |
               +--------+--------+--------+--------+--------+-----+--------+

Top non-repeatable levels by time:
     D:2: 1408 daAuts
     D:3: 596 daAuts
     D:1: 564 daAuts
 Abyss:2: 194 daAuts
